 Dungeon Crawl Stone Soup version 0.21-a0-509-gecc5317 (webtiles) character file.

293 kibaces the Gusty (level 6, -12/32 HPs)
             Began as a Deep Elf Air Elementalist on Nov 29, 2017.
             Was a Believer of Lugonu.
             Mangled by an ogre
             ... wielding a +0 giant spiked club
              (25 damage)
             ... on level 3 of the Dungeon.
             The game lasted 00:15:37 (3934 turns).

kibaces the Gusty (Deep Elf Air Elementalist)       Turns: 3934, Time: 00:15:38

Health: -12/32     AC:  2    Str:  5    XL:     6   Next: 11%
Magic:  0/15       EV: 13    Int: 22    God:    Lugonu [**....]
Gold:   174        SH:  0    Dex: 15    Spells: 8/15 levels left

rFire    . . .     SeeInvis .   (no weapon)
rCold    . . .     Gourm    .   (no shield)
rNeg     . . .     Faith    .   a - +0 robe
rPois    .         Spirit   .   (no helmet)
rElec    .         Reflect  .   (no cloak)
rCorr    .         Harm     .   (no gloves)
MR       .....                  (no boots)
Stlth    ++........             (no amulet)
HPRegen  0.10/turn              (no ring)
MPRegen  0.14/turn              (no ring)

@: sluggish, very slightly contaminated, very slow
A: no striking features
a: Depart the Abyss, Bend Space, Renounce Religion


You were on level 3 of the Dungeon.
You worshipped Lugonu.
Lugonu was pleased with you.
You were not hungry.

You visited 1 branch of the dungeon, and saw 4 of its levels.

You collected 174 gold pieces.

Inventory:

Armour
 a - a +0 robe (worn)
Wands
 m - a wand of polymorph (12)
 q - a wand of scattershot (7)
Scrolls
 e - a scroll of random uselessness {unknown}
 f - a scroll of immolation
 g - a scroll of amnesia
 j - a scroll of enchant weapon {unknown}
 k - 6 scrolls of identify
 l - a scroll of remove curse {unknown}
 n - a scroll of blinking {unknown}
Potions
 d - a potion of heal wounds {unknown}
 h - a potion of might
 i - 2 potions of lignification {unknown}
 p - a potion of agility {unknown}
 s - a potion of mutation {unknown}
Books
 b - a book of Air

   Spells                             Type                      Level
   a - Shock                          Conjuration/Air              1
   b - Swiftness                      Charms/Air                   2
   c - Static Discharge               Conjuration/Air              3
   d - Airstrike                      Air                          4
   e - Lightning Bolt                 Conjuration/Air              5
Comestibles
 c - 3 bread rations
 r - a meat ration


   Skills:
 + Level 2.8 Dodging
 + Level 2.9 Stealth
 + Level 5.0 Spellcasting
 + Level 3.2 Conjurations
 + Level 5.1 Air Magic


You had 8 spell levels left.
You knew the following spells:

 Your Spells              Type           Power        Failure   Level  Hunger
a - Shock                 Conj/Air       ###.         1%          1    None
b - Swiftness             Chrm/Air       ###.....     5%          2    None
c - Airstrike             Air            ####......   12%         4    ####...


Dungeon Overview and Level Annotations

Branches:
Dungeon (4/15)
 Temple: D:4-7

Altars:
Lugonu


Message History

Press: ? - help, Dir - move target cursor, f/p - ogre
Aim: an ogre, wielding a giant spiked club (heavily wounded)
The air twists around and strikes the ogre!
The ogre is almost dead.
You feel sluggish.
Casting: Airstrike
Confirm with . or Enter, or press ? or * to list all spells.
You don't have enough magic to cast that spell.
The ogre hits you with a giant spiked club!!
Ouch! That really hurt!
You start to feel a little faster.
Casting: Airstrike
Confirm with . or Enter, or press ? or * to list all spells.
Aiming: Airstrike
Press: ? - help, Dir - move target cursor, f/p - ogre
Aim: an ogre, wielding a giant spiked club (almost dead)
You miscast Airstrike.
Nothing appears to happen.
The ogre barely misses you.
The ogre hits you with a giant spiked club!!
Ouch! That really hurt!
You die...

##.....##.....####.##.#########
###.........<...)###.##.....(....
..................##<...#########
###...................###
#.................##....#
###..................##.#
................<..####.#
#.#.....................##
#.#.............@...##...###
###.....>.#.....O....##....######
....#####.######......####.......
###.#####.## #..##.(...........
..#.......O#####..##.....#.....##
###..#####.#...................##
.....# #...###..###....#.##....
.....# ##..#....# #....#..####.
###### ####.##.# ###.....###<.


You could see an ogre.

Vanquished Creatures
  A phantom (D:3)
  A crimson imp (D:2)
  The ghost of kibaces the Magician, a weakling DEAE (D:3)
  A gnoll (D:1)
  5 adders (D:2)
  2 worms
  5 dart slugs
  A leopard gecko (D:1)
  2 orcs (D:2)
  8 bats
  2 giant cockroaches
  7 goblins
  9 hobgoblins
  7 jackals
  2 ball pythons (D:1)
  8 kobolds
  7 rats
69 creatures vanquished.

Notes
Turn   | Place    | Note
-------+----------+-------------------------------------------
     0 | D:1      | kibaces the Deep Elf Air Elementalist began the quest for the Orb.
     0 | D:1      | Reached XP level 1. HP: 10/10 MP: 6/6
   137 | D:1      | Reached XP level 2. HP: 15/15 MP: 4/8
   555 | D:1      | Learned a level 2 spell: Swiftness
   686 | D:1      | Reached XP level 3. HP: 19/19 MP: 0/9
  1715 | D:2      | Reached XP level 4. HP: 22/24 MP: 4/11
  1872 | D:2      | Learned a level 4 spell: Airstrike
  1984 | D:2      | Found a faded altar of an unknown god.
  2462 | D:2      | Reached XP level 5. HP: 28/28 MP: 2/13
  2560 | D:2      | Became a worshipper of Lugonu the Unformed
  2560 | D:2      | Reached * piety under Lugonu
  2560 | D:2      | Reached ** piety under Lugonu
  3038 | D:3      | Noticed kibaces's ghost (weakling DEAE)
  3529 | D:3      | Killed kibaces's ghost
  3693 | D:4      | Noticed an ogre
  3744 | D:4      | Noticed a phantom
  3758 | D:3      | Killed a phantom
  3758 | D:3      | Reached skill level 5 in Spellcasting
  3758 | D:3      | Reached skill level 5 in Air Magic
  3758 | D:3      | Reached XP level 6. HP: 20/32 MP: 1/15
  3934 | D:3      | Mangled by an ogre

Vault maps used:
D:1:      nzn_arrival_crosshair
D:2:      chequers_ecumenical_altar_island
D:3:      first_bread, minmay_misc_feat_nine_boxes
D:4:      lemuel_crystal_altar

Skill      XL: |  1  2  3  4  5 |
---------------+----------------+-----
Conjurations   | 2 3 |  3.2
Air Magic      | 4 5 |  5.1
Spellcasting   | 4 5 |  5.0
Dodging        | |  2.8
Stealth        | |  2.9

Action                   |  1- 3 |  4- 6 || total
-------------------------+-------+-------++-------
 Cast: Shock             |   103 |    97 ||   200
       Swiftness         |     1 |     2 ||     3
       Airstrike         |       |     5 ||     5
  Use: Scroll            |     3 |       ||     3
  Eat: Chunk             |     2 |     6 ||     8
       Royal jelly       |       |     1 ||     1
Armor: Robe              |     3 |       ||     3
Dodge: Dodged            |    38 |    26 ||    64

Table legend:
 A = Spawn XP
 B = Non-spawn XP
 C = Spawn XP percentage of total XP
 D = Spawn monster count
 E = Non-spawn monster count
 F = Spawn count percentage of total count
 G = Total turns spent on level
                    A         B        C        D         E        F      G
               +---------+---------+-------+---------+---------+-------+---------
         Total |       0 |     419 |   0.0 |       0 |      69 |   0.0 |  3934
               +---------+---------+-------+---------+---------+-------+---------
           D:1 |       0 |      80 |   0.0 |       0 |      35 |   0.0 |  1503
           D:2 |       0 |     156 |   0.0 |       0 |      24 |   0.0 |  1583
           D:3 |       0 |     183 |   0.0 |       0 |      10 |   0.0 |   833
               +---------+---------+-------+---------+---------+-------+---------
